 Dungeon Crawl Stone Soup version 0.22.1-2-g9c5b331383 (webtiles) character file.

84 Knicklaso the Covered (level 4, 0/31 HPs)
             Began as a Halfling Fighter on Dec 5, 2018.
             Slain by Sigmund
             ... wielding a +0 scythe
              (5 damage)
             ... on level 2 of the Dungeon.
             The game lasted 00:03:32 (1663 turns).

Knicklaso the Covered (Halfling Fighter)            Turns: 1663, Time: 00:03:33

Health: 0/31       AC:  7    Str: 18    XL:     4   Next: 72%
Magic:  4/4        EV: 11    Int:  6    God:
Gold:   52         SH:  0    Dex: 13    Spells: 3/3 levels left

rFire    . . .     SeeInvis .   a - +0 long sword
rCold    . . .     Gourm    .   (shield restricted)
rNeg     . . .     Faith    .   b - +0 scale mail
rPois    .         Spirit   .   (no helmet)
rElec    .         Reflect  .   (no cloak)
rCorr    .         Harm     .   (no gloves)
MR       .....                  (no boots)
Stlth    ..........             (no amulet)
HPRegen  0.10/turn              (no ring)
MPRegen  0.09/turn              (no ring)

@: no status effects
A: small, mutation resistance 1
a: no special abilities


You were on level 2 of the Dungeon.
You were near starving.

You visited 1 branch of the dungeon, and saw 2 of its levels.

You collected 52 gold pieces.

Inventory:

Hand Weapons
 a - a +0 long sword (weapon)
Armour
 b - a +0 scale mail (worn)
Jewellery
 l - an uncursed ring of poison resistance {unknown}
Scrolls
 e - a scroll of enchant armour {unknown}
 g - a scroll of noise {unknown}
 h - a scroll of remove curse {unknown}
 k - a scroll of teleportation {unknown}
 o - 2 scrolls of identify {unknown}
Potions
 c - a potion of berserk rage {unknown}
 d - a potion of might
 i - a potion of degeneration {unknown}
 j - 2 potions of brilliance {unknown}
 m - a potion of lignification {unknown}
 n - 2 potions of cancellation {unknown}
 q - a potion of flight {unknown}
Comestibles
 f - 4 rations


   Skills:
 + Level 3.2 Fighting
 * Level 3.5 Long Blades
 + Level 4.0 Armour
   Level 3.2 Shields


You had 3 spell levels left.
You didn't know any spells.
Your spell library was empty.

Dungeon Overview and Level Annotations

Branches:
Dungeon (2/15)

Altars:

Annotations:
D:2 Sigmund


Innate Abilities, Weirdness & Mutations

You are small and have problems with some larger weapons.
You are somewhat resistant to further mutation.


Message History

You hear some strange, mumbled words.
A puff of flame appears from out of thin air!
The puff of flame hits you!
You closely miss something.
You hear some strange, mumbled words.
A magic dart appears from out of thin air!
The magic dart hits you!
All of the chunks of flesh in your inventory have rotted away.
You hit something but do no damage. Something hits you!
You closely miss something. Something completely misses you.
You miss something. You hit something. Something hits you.
You miss something.
You hear some strange, mumbled words.
A puff of flame appears from out of thin air!
The puff of flame misses you.
You miss something. Something hits you.
* * * LOW HITPOINT WARNING * * *
You barely miss something. Something hits you.
You die...

#...#..............#
#.................$.
##..#.....>....##.##
#.............# ..#
#.##..........# #..
#.####..#.##### #.
#.## #..#.## .
#<.###.....## #
##@{.##.#...# .
###.##...#.# ..##
#..##..#...#
...#####.##..# ...#.
#..#....{...#####...
#.............>...
###..............##
#............###..##
#)#....))..#.##.....


There were no monsters in sight!

Vanquished Creatures
  3 adders (D:2)
  An ooze (D:2)
  2 worms (D:2)
  A dart slug (D:1)
  4 goblins
  6 hobgoblins
  8 jackals
  A quokka (D:2)
  6 bats
  A frilled lizard (D:2)
  8 kobolds
  A rat (D:1)
42 creatures vanquished.

Notes
Turn   | Place    | Note
-------+----------+-------------------------------------------
     0 | D:1      | Knicklaso the Halfling Fighter began the quest for the Orb.
     0 | D:1      | Reached XP level 1. HP: 15/15 MP: 1/1
   183 | D:1      | Reached XP level 2. HP: 12/20 MP: 2/2
   511 | D:1      | Reached XP level 3. HP: 20/25 MP: 3/3
   759 | D:2      | Noticed Sigmund
  1102 | D:2      | Reached XP level 4. HP: 30/31 MP: 4/4
  1419 | D:2      | Reached skill level 4 in Armour
  1663 | D:2      | Slain by Sigmund

Skill      XL: |  1  2  3  4 |
---------------+-------------+-----
Fighting       | 3 |  3.2
Long Blades    | 3 |  3.5
Armour         | 4 |  4.0
Shields        | |  3.2

Action                   |  1- 3 |  4- 6 || total
-------------------------+-------+-------++-------
Melee: Long sword        |    76 |    66 ||   142
  Eat: Chunk             |     1 |       ||     1
Armor: Scale mail        |    30 |    32 ||    62
Dodge: Dodged            |    58 |    47 ||   105
       Rpst.: Long sword |    16 |    15 ||    31
